 Dungeon Crawl Stone Soup version 0.31.0-32-g396128a36d (webtiles) character file.

Game seed: 15195377191797244506

12887 AdnanSaban the Basher (level 12, -3/77 HPs)
             Began as a Gargoyle Fighter on Apr 16, 2024.
             Was a High Priest of Okawaru.
             Killed by divine providence
             ... invoked by a meliai
              (15 damage)
             ... on level 13 of the Dungeon.
             The game lasted 00:13:49 (9944 turns).

AdnanSaban the Basher (Gargoyle Fighter)            Turns: 9944, Time: 00:13:50

Health: -3/77      AC: 31    Str: 28    XL:     12   Next: 0%
Magic:  13/15      EV: 10    Int: 10    God:    Okawaru [*****.]
Gold:   765        SH:  7    Dex:  9    Spells: 11/11 levels left

rFire   . . .        T - +2 whip (elec)
rCold   . . .        c - +0 buckler
rNeg    + . .        h - +0 plate armour
rPois   ∞            a - +0 helmet
rElec   +            u - +1 cloak {rCorr}
rCorr   +            G - +0 pair of gloves
SInv    +            (no boots)
Will    +....        t - amulet of regeneration Stlth
                     k - ring of Logiloff {*Corrode AC+4 Str+4 SInv}
HPRegen 1.12/turn    y - ring of willpower
MPRegen 0.14/turn

%: corrode self (3%)
@: heroic, corroded
A: sickness immunity, AC +8, negative energy resistance 1, electricity
resistance, torment resistance 1, petrification resistance
a: Renounce Religion, Heroism, Finesse, Duel


You were on level 13 of the Dungeon.
You worshipped Okawaru.
Okawaru was extremely pleased with you.
You visited 2 branches of the dungeon, and saw 13 of its levels.

You collected 765 gold pieces.

Inventory:

Hand Weapons
 T - a +2 whip of electrocution (weapon)
Missiles
 v - 2 boomerangs
 B - 73 poisoned darts (quivered)
 L - 5 curare-tipped darts
 U - 5 javelins
Armour
 a - a +0 helmet (worn)
 c - a +0 buckler (worn)
 h - a +0 plate armour (worn)
 l - a +0 tower shield
 u - a +1 cloak of preservation (worn)
 G - a +0 pair of gloves (worn)
Jewellery
 k - the ring of Logiloff (left hand) {*Corrode AC+4 Str+4 SInv}
   (You found it on level 2 of the Dungeon)

   [ring of protection]

   AC+4:      It affects your AC (+4).
   Str+4:     It affects your strength (+4).
   SInv:      It lets you see invisible.
   *Corrode:  It may corrode you when you take damage.
 r - a ring of flight
 t - an amulet of regeneration (around neck)
 y - a ring of willpower (right hand)
 D - a +4 ring of slaying
 I - a +6 ring of dexterity
Wands
 q - a wand of roots (11)
 H - a wand of polymorph (10)
 N - a wand of flame (13)
Scrolls
 b - 10 scrolls of identify {unknown}
 e - 2 scrolls of blinking {unknown}
 f - 3 scrolls of fog {unknown}
 i - 2 scrolls of noise {unknown}
 j - 2 scrolls of fear {unknown}
 m - a scroll of torment {unknown}
 n - 2 scrolls of acquirement {unknown}
 w - 2 scrolls of amnesia {unknown}
 J - a scroll of silence {unknown}
 K - 2 scrolls of vulnerability {unknown}
 M - 2 scrolls of teleportation {unknown}
 Q - a scroll of summoning {unknown}
 S - a scroll of immolation {unknown}
Potions
 d - a potion of might
 g - 5 potions of degeneration {unknown}
 o - a potion of haste {unknown}
 p - 2 potions of resistance {unknown}
 s - 2 potions of enlightenment {unknown}
 x - 2 potions of mutation {unknown}
 z - a potion of ambrosia {unknown}
 A - 3 potions of berserk rage {unknown}
 C - 3 potions of curing {unknown}
 E - a potion of heal wounds {unknown}
 F - 2 potions of attraction {unknown}
 O - 2 potions of brilliance {unknown}
 P - a potion of cancellation {unknown}
 R - a potion of lignification {unknown}


   Skills:
 + Level 9.6(14.6) Fighting
 + Level 12.1(17.1) Maces & Flails
 + Level 1.1(6.1) Throwing
 + Level 9.3(14.3) Armour
 + Level 2.1(7.1) Dodging
 + Level 0.1(5.1) Stealth
 + Level 8.8(13.8) Shields
 - Level 5.0 Invocations


You had 11 spell levels left.
You didn't know any spells.
Your spell library contained the following spells:

 Spells                   Type           Power      Damage    Failure   Level
 Freeze                   Ice            0%         1d3       95%         1
 Frozen Ramparts          Ice            0%         1d1       100%        3
 Hailstorm                Conj/Ice       0%         3d5       100%        3
 Leda's Liquefaction      Alch/Erth      0%         N/A       100%        4
 Lee's Rapid Deconstruct  Erth           0%         3d4*      100%        5
 Bombard                  Conj/Erth      0%         9d1       100%        6


Dungeon Overview and Level Annotations

Branches:
Dungeon (11/15)            Temple (1/1) D:4            Lair (0/5) D:10
    Orc (0/2) D:10

Altars:
Ashenzari
Cheibriados
Dithmenos
Elyvilon
Fedhas
Gozag
Hepliaklqana
Kikubaaqudgha
Makhleb
Nemelex Xobeh
Okawaru
Qazlal
Ru
Sif Muna
Trog
Uskayaw
Vehumet
Wu Jian
Xom
Yredelemnul
Zin
The Shining One

Shops:
D:7 (

Annotations:
D:4 2 runed translucent doors


Innate Abilities, Weirdness & Mutations

You are immune to sickness and miasma.
Your stone body is resilient. (AC +8)
You are immune to poison.
You resist negative energy. (rN+)
You are resistant to electric shocks. (rElec)
You are resistant to unholy torment.
You are immune to petrification.


Message History

The meliai barely misses you. The meliai attacks as it pursues you!
The meliai barely misses you.
The meliai stings you but does no damage.
The meliai closely misses you. x2; The meliai hits you but does no damage.
The meliai stings you but does no damage.
The meliai hits you but does no damage. The meliai closely misses you.
You gain the combat prowess of a mighty hero.
The meliai calls down the wrath of its god upon you.
Something smites you! You block the meliai's attack.
The meliai stings you but does no damage.
You miss the meliai. The meliai hits you but does no damage.
You block the meliai's attack. The meliai hits you but does no damage.
You block the meliai's attack.
You closely miss the meliai. The meliai closely misses you. x2
You miss the meliai.
The meliai calls upon its god to heal the meliai.
The meliai's wounds heal themselves!
You closely miss the meliai. The meliai hits you with a +0 hand axe.
The meliai stings you but does no damage.
You are too injured to fight recklessly!
You are too injured to fight recklessly!
You hit the meliai but do no damage. The meliai barely misses you.
The meliai stings you but does no damage.
You hit the meliai.
The meliai is lightly wounded.
The meliai calls down the wrath of its god upon you.
Something smites you!
* * * LOW HITPOINT WARNING * * *
You barely miss the meliai.
The meliai is lightly wounded.
The meliai calls down the wrath of its god upon you.
Something smites you!
* * * LOW HITPOINT WARNING * * *
You closely miss the meliai.
The meliai is lightly wounded.
The meliai hits you but does no damage.
The meliai stings you but does no damage.
The meliai mumbles some strange prayers to its god against you.
Something smites you!
You die...

..## ... ..# ./#
####.###
#.(....#
#.##.#.#
########.##.#.##
#...@yy.).......
#.####.#.####...
#.# #.>......#
#.# ######.#.#
#.# # #.# #.#
#.#### #....#


You could see 2 meliai.

Vanquished Creatures
  3 two-headed ogres
  Pikel (D:5)
  The ghost of Peloso the Carver, a novice MiFi of Okawaru (D:6)
  A manticore (D:11)
  A meliai (D:13)
  Jeremiah (D:6)
  A kobold demonologist (D:9)
  4 trolls
  2 vampires (D:9)
  Sigmund (D:4)
  A wyvern (D:10)
  10 yaks (D:9)
  2 steam dragons (D:8)
  2 vampire mosquitoes (D:10)
  Edmund (D:5)
  Menkaure (D:5)
  A water moccasin (D:6)
  Duvessa (D:6)
  6 orc warriors
  5 ice beasts
  A black bear (D:5)
  4 sky beasts
  An ogre (D:3)
  2 centaurs
  18 kobold brigands
  2 phantoms
  Blork the orc (D:6)
  2 scorpions
  3 wights (D:6)
  Dowan (D:6)
  6 killer bees (D:9)
  2 howler monkeys (D:8)
  2 bombardier beetles
  3 hounds
  4 quasits (D:6)
  2 jellies
  Crazy Yiuf (D:3)
  A gnoll bouda (D:4)
  A sleepcap (D:7)
  9 orc priests
  4 iguanas
  Ijyb (D:5)
  9 orc wizards
  Robin (D:5)
  12 gnolls
  8 adders
  2 dart slugs
  39 orcs
  5 ball pythons
  11 endoplasms
  6 giant cockroaches
  9 goblins
  12 hobgoblins
  7 quokkas
  4 bats
  2 frilled lizards
  36 kobolds
  4 rats
284 creatures vanquished.

Notes
Turn   | Place    | Note
-------+----------+-------------------------------------------
     0 | D:1      | AdnanSaban the Gargoyle Fighter began the quest for the
                  | Orb.
     0 | D:1      | Reached XP level 1. HP: 14/14 MP: 1/1
   216 | D:1      | Reached XP level 2. HP: 15/19 MP: 2/2
   653 | D:1      | Reached XP level 3. HP: 23/23 MP: 3/3
   797 | D:2      | Identified the ring of Logiloff {*Corrode AC+4 Str+4 SInv}
  1035 | D:2      | Reached XP level 4. HP: 19/29 MP: 4/4
  1457 | D:2      | Reached skill level 3 in Maces & Flails
  1725 | D:3      | Found a faded altar of an unknown god.
  1781 | D:3      | Found a basalt altar of Yredelemnul.
  1893 | D:3      | Reached XP level 5. HP: 33/33 MP: 5/5
  1929 | D:3      | Noticed an ogre
  2346 | D:3      | Found a runed translucent door.
  2347 | D:3      | Noticed Crazy Yiuf
  2355 | D:3      | Killed Crazy Yiuf
  2571 | D:4      | Found a large runed translucent door.
  2571 | D:4      | Found a large runed translucent door.
  2618 | D:4      | Reached skill level 4 in Maces & Flails
  2618 | D:4      | Reached XP level 6. HP: 37/38 MP: 6/6
  2646 | D:4      | Noticed an ice beast
  2652 | D:4      | Found a large runed translucent door.
  2652 | D:4      | Found a large runed translucent door.
  2907 | D:4      | Noticed Sigmund
  2914 | D:4      | Killed Sigmund
  2915 | D:4      | Reached skill level 5 in Maces & Flails
  2915 | D:4      | Reached skill level 5 in Armour
  2915 | D:4      | Reached XP level 7. HP: 43/43 MP: 7/7
  2982 | D:4      | Found a staircase to the Ecumenical Temple.
  3016 | D:4      | Found a bloodstained altar of Trog.
  3233 | D:4      | Reached skill level 6 in Maces & Flails
  3306 | Temple   | Entered the Ecumenical Temple
  3449 | D:4      | Identified the +4 spear of the Doomed Warrior {heavy, *Slow
                  | rN+ Will+ Int+3}
  3581 | D:3      | Reached XP level 8. HP: 15/48 MP: 8/8
  3630 | D:5      | Entered Level 5 of the Dungeon
  3632 | D:5      | Noticed Menkaure
  3638 | D:5      | Killed Menkaure
  3639 | D:5      | Reached skill level 7 in Maces & Flails
  3674 | D:5      | Reached skill level 5 in Fighting
  3790 | D:5      | Noticed Edmund
  3817 | D:5      | Killed Edmund
  3906 | D:5      | Reached skill level 8 in Maces & Flails
  3932 | D:5      | Noticed Ijyb
  3934 | D:5      | Noticed Robin
  3980 | D:5      | Killed Ijyb
  3998 | D:5      | Reached skill level 5 in Shields
  4016 | D:5      | Killed Robin
  4027 | D:5      | Noticed Pikel
  4044 | D:5      | Killed Pikel
  4045 | D:5      | Reached skill level 9 in Maces & Flails
  4045 | D:5      | Reached XP level 9. HP: 55/55 MP: 9/9
  4540 | D:6      | Noticed Duvessa
  4540 | D:6      | Noticed Dowan
  4549 | D:6      | Killed Duvessa
  4566 | D:6      | Killed Dowan
  4653 | D:6      | Reached skill level 1 in Dodging
  4804 | D:6      | Noticed Blork the orc
  4816 | D:6      | Killed Blork the orc
  4820 | D:6      | Found a transporter.
  4946 | D:6      | Noticed Jeremiah
  5053 | D:6      | Found a transporter.
  5061 | D:6      | Killed Jeremiah
  5079 | D:6      | Reached skill level 10 in Maces & Flails
  5167 | D:6      | Reached XP level 10. HP: 63/63 MP: 10/10
  5279 | D:6      | Noticed Peloso's ghost (novice MiFi)
  5387 | D:6      | Found a blossoming altar of Fedhas.
  5547 | D:7      | Found an iron altar of Okawaru.
  5575 | D:7      | Became a worshipper of Warmaster Okawaru
  5587 | D:7      | Found a white marble altar of Elyvilon.
  5611 | D:7      | Found Jitanif's Antique Weapon Shop.
  5804 | D:7      | Found a hazy altar of Hepliaklqana.
  6016 | D:7      | Noticed a two-headed ogre
  6023 | D:7      | Killed a two-headed ogre
  6319 | D:8      | Found a sparkling altar of Nemelex Xobeh.
  6325 | D:8      | Noticed a two-headed ogre
  6337 | D:8      | Killed a two-headed ogre
  6337 | D:8      | Reached * piety under Okawaru
  6414 | D:8      | Found a glowing golden altar of the Shining One.
  6419 | D:8      | Reached skill level 1 in Invocations
  6759 | D:8      | Noticed a two-headed ogre
  6767 | D:8      | Killed a two-headed ogre
  6767 | D:8      | Reached ** piety under Okawaru
  7110 | D:9      | Reached skill level 11 in Maces & Flails
  7318 | D:9      | Reached XP level 11. HP: 59/69 MP: 12/12
  7453 | D:9      | Reached *** piety under Okawaru
  7806 | D:9      | Noticed a sun demon
  7897 | D:9      | Reached **** piety under Okawaru
  8319 | D:10     | Entered Level 10 of the Dungeon
  8469 | D:10     | Found a staircase to the Lair.
  8544 | D:10     | Found a shimmering altar of Xom.
  9176 | D:6      | Killed Peloso's ghost
  9177 | D:6      | Reached skill level 1 in Throwing
  9416 | D:10     | Reached skill level 12 in Maces & Flails
  9449 | D:10     | Found a staircase to the Orcish Mines.
  9823 | D:11     | Noticed a manticore
  9837 | D:11     | Killed a manticore
  9872 | D:11     | You fall into a shaft and drop 2 floors!
  9889 | D:13     | Reached ***** piety under Okawaru
  9925 | D:13     | Reached skill level 5 in Invocations
  9925 | D:13     | Reached XP level 12. HP: 42/77 MP: 15/15
  9944 | D:13     | Killed from afar by a meliai

Illustrated notes

Levels and vault maps discovered:
D:1:      lightli_arrival_statue_moat, layout_basic
D:2:      minmay_recursive_quarters, layout_loops_ring
D:3:      layout_basic, yredelemnul_altar_generic,
          chequers_ecumenical_altar_simple_redux, uniq_crazy_yiuf_cottage
D:4:      layout_rooms, trog_book, minmay_temple_entry_fiery,
          minmay_gold_behind_fungi, minmay_hollow_rounded_squares, uniq_sigmund
D:5:      layout_loops_ring, nicolae_goblin_pals, uniq_menkaure, uniq_edmund,
          uniq_pikel
D:6:      layout_loops_ring, fedhas_altar_4, gammafunk_ghost_stat_death,
          uniq_duvessa, uniq_jeremiah, uniq_blork_the_orc
D:7:      layout_basic, mainiacjoe_overflow_24_doors,
          mainiacjoe_overflow_large_starburst, serial_shops, nicolae_shop_stone
D:8:      layout_basic, mainiacjoe_overflow_surrounded_room,
          mainiacjoe_overflow_cross_hatched, item_on_display_a
D:9:      layout_cave_pods, special_room [special_room_kobold]
D:10:     layout_basic, regret_index_xom_buried_treasure, lair_entry_dummy,
          david_orc_4, minivault_1
D:11:     layout_small_grid, serial_shops, nicolae_shop_trees
D:13:     layout_loops_cross, hellmonk_vaults_attempted_burglary
Temple:   nicolae_temple_ecumenical_triangle

Skill      XL: |  1  2  3  4  5  6  7  8  9 10 11 |
---------------+----------------------------------+-----
Maces & Flails | 3 4 5 6 9 10 11 12 | 12.1
Armour         | 4 5 6 7 8 9 |  9.3
Shields        | 4 5 6 7 8 |  8.8
Fighting       | 4 5 7 8 9 |  9.6
Dodging        | 1 2 |  2.1
Invocations    | 2 5 |  5.0
Throwing       | 1 |  1.1
Stealth        | |  0.1

Action                     |  1- 3 |  4- 6 |  7- 9 | 10-12 || total
---------------------------+-------+-------+-------+-------++-------
  Melee: Flail             |   100 |   196 |   183 |       ||   479
         Whip              |       |       |   188 |   884 ||  1072
  Throw: Dart              |       |       |     4 |    11 ||    15
 Invoke: Heroism           |       |       |       |     1 ||     1
 Armour: Scale mail        |    23 |       |       |       ||    23
         Plate armour      |    68 |   153 |   214 |   684 ||  1119
         Skin              |       |       |    17 |       ||    17
  Dodge: Dodged            |    40 |    70 |    99 |   265 ||   474
  Block: Buckler           |    28 |    47 |    58 |   192 ||   325
